cohdb
Replays
Latest Replays
All Replays
Popular Replays
Top Player Replays
Match Explorer
How It Works
Community
CoH3 Stats
Reddit
Sign in to upload your games and track your stats! →
Sign in with Steam
Match 33471930
Unlisted
Match 33471930
Overview
Messages
Build Orders
End
Selects Breakthrough Battlegroup
Selects Assault Grenadiers
Construct Infanterie Kompanie
MG 42 Machine Gun Team
Grenadier Squad
Grenadier Squad
GrW 34 Mortar Team
Medical Station
Selects Breakthrough
GrW 34 Mortar Team
Construct Panzergrenadier Kompanie
Selects Mechanized Assault Group
Mechanized Assault Group
Support Elements
Selects Rapid Production
Nebelwerfer 42 Rocket Launcher Team
Nebelwerfer 42 Rocket Launcher Team
StuG III G Assault Gun
DarthYukat
Толякриптовалюта
yellow291244
고아원 사장
gUi
Lucas Allez
0
0
Comments
sign in to comment!
No comments posted yet!